 Dungeon Crawl Stone Soup version 0.15-a0-1646-g393eda0 (console) character file.

2457 Mac the Grappler (level 9, -5/80 HPs)
             Began as a Troll Fighter on June 22, 2014.
             Was a Believer of Cheibriados.
             Slain by a troll (8 damage)
             ... on Level 9 of the Dungeon.
             The game lasted 00:12:55 (2688 turns).

Mac the Grappler (Troll Fighter)                    Turns: 2688, Time: 00:12:55

HP  -5/80        AC  7     Str 34      XL: 9   Next: 26%
MP   8/10        EV  9     Int  9      God: Cheibriados [**....]
Gold 188         SH 11     Dex 14      Spells:  0 memorised,  8 levels left

rFire  . . .     SeeInvis .       - Unarmed
rCold  . . .     Clarity  .     f - +1 robe
rNeg   . . .     rCorr    .     c - +0 shield
rPois  .         rRot     .     (helmet restricted)
rElec  .         Spirit   .     t - +0 cloak
SustAb .         Warding  .     (gloves unavailable)
rMut   .         Rnd*Tele +     (boots unavailable)
Gourm  +                        n - cursed amulet of inaccuracy
MR     +....                    b - cursed ring of teleportation
                                h - ring of protection from magic

@: very slow, somewhat resistant to hostile enchantments, very unstealthy
A: unfitting armour, claws 3, hooves 1, fast metabolism 3, gourmand, mutation
resistance 1, regeneration 2, saprovore 2, shaggy fur 1, tough skin 2
a: Bend Time, Renounce Religion, Evoke Teleportation


You were on level 9 of the Dungeon.
You worshipped Cheibriados.
Cheibriados was pleased with you.
You were not hungry.

You visited 2 branches of the dungeon, and saw 10 of its levels.

You collected 188 gold pieces.

Inventory:

Hand weapons
 k - the +8 dagger of Light {antimagic, +Blink +Inv SInv Stlth--, unknown}
   (You found it on level 5 of the Dungeon)

   It disrupts the flow of magical energy around spellcasters and certain
   magical creatures (including the wielder).
   It enhances your eyesight.
   It lets you turn invisible.
   It lets you blink.
   It makes you much less stealthy.
Missiles
 g - 7 javelins (quivered)
Armour
 c - a +0 shield (worn)
 f - a +1 robe (worn)
 t - a +0 cloak (worn)
Magical devices
 q - a wand of draining (7)
 v - a wand of paralysis (10) {unknown}
Comestibles
 a - 4 meat rations
 m - a bread ration
Scrolls
 d - 3 scrolls of teleportation
 i - a scroll of immolation
 s - a scroll of magic mapping
Jewellery
 b - a cursed ring of teleportation (right claw)
 h - a ring of protection from magic (left claw)
 n - a cursed amulet of inaccuracy (around neck)
 o - an uncursed amulet of warding {unknown}
 p - an uncursed ring of protection from cold
Potions
 e - a potion of might
 j - 3 potions of curing
 l - a potion of invisibility
 r - a potion of heal wounds
 u - a potion of berserk rage {unknown}


   Skills:
 - Level 2.4 Fighting
 - Level 2.4 Dodging
 + Level 6.1 Shields
 * Level 9.7 Unarmed Combat
 + Level 4.1 Invocations


You had 8 spell levels left.
You didn't know any spells.

Dungeon Overview and Level Annotations

Branches:
Dungeon (9/15)             Temple (1/1) D:5
    Orc: D:9-12        Lair: D:8-11

Altars:
Cheibriados
Fedhas
Gozag
Kikubaaqudgha
Makhleb
Nemelex Xobeh
Okawaru
Qazlal
Sif Muna
Trog
Vehumet
Xom
Zin
The Shining One


Innate Abilities, Weirdness & Mutations

You are too large for most types of armour.
You have claws for hands.
Your metabolism is lightning-fast.
You like to eat raw meat.
You heal very quickly.
You can eat rotten meat.
You are covered in fur (AC +1).
You have very tough skin (AC +2).
You have large cloven feet.
You are somewhat resistant to further mutation.


Message History

The troll is heavily wounded.
The troll bites you. The troll claws you!
* * * LOW HITPOINT WARNING * * *
You block the troll's attack.
Press: ? - help, v - describe, . - travel
Here: a troll (heavily wounded, slow)
The floor, spattered with blood.
Unknown command.
You closely miss the troll. Your kick misses the troll.
The troll is heavily wounded.
You scratch the troll.
The troll begins to bleed from its wounds!
You kick the troll.
The troll is severely wounded.
The troll bites you!
* * * LOW HITPOINT WARNING * * *
The troll claws you.
* * * LOW HITPOINT WARNING * * *
The troll claws you!
You die...

. ..#
..#..
..#.
...
..#
..#
##..#
#@..#
#.T.#
#...#
#...#
#####


You could see a troll (bleeding).

Vanquished Creatures
  The ghost of Mac the Cleaver, an experienced MiFi (D:4)
  A two-headed ogre (D:8)
  A hill giant zombie (D:7)
  2 hungry ghosts
  A sky beast (D:8)
  An ice beast (D:7)
  An orc warrior (D:8)
  2 ogres (D:4)
  2 phantoms
  The ghost of flammableBen the Slinger, an average HaHu of Ashenzari (D:3)
  4 giant frogs
  2 scorpions
  A yak zombie (D:7)
  A centaur zombie (D:8)
  2 hounds
  An orc priest (D:8)
  2 crimson imps
  2 orc wizards (D:8)
  Natasha (D:6)
  2 iguanas
  3 worker ants
  An ogre skeleton (D:6)
  9 adders
  A gnoll (D:4)
  An inept item mimic (D:2)
  A giant mite (D:4)
  5 giant geckos
  3 oozes
  3 orcs
  4 bats
  6 hobgoblins
  3 jackals (D:8)
  2 quokkas
  3 ball pythons
  A giant cockroach (D:2)
  A giant newt (D:2)
  9 goblins
  6 kobolds
  3 rats
  A rat skeleton (D:7)
  2 ballistomycetes (D:6)
99 creatures vanquished.

Vanquished Creatures (others)
  2 orcs (D:6)
  A giant spore (D:6)
3 creatures vanquished.

Grand Total: 102 creatures vanquished

Notes
Turn   | Place    | Note
--------------------------------------------------------------
     0 | D:1      | Mac, the Troll Fighter, began the quest for the Orb.
     0 | D:1      | Reached XP level 1. HP: 22/22 MP: 1/1
   319 | D:2      | Reached XP level 2. HP: 29/29 MP: 1/1
   488 | D:2      | Reached skill level 3 in Shields
   488 | D:2      | Reached XP level 3. HP: 36/36 MP: 2/2
   568 | D:3      | Noticed flammableBen's ghost (average HaHu)
   593 | D:3      | Killed flammableBen's ghost
   593 | D:3      | Reached skill level 4 in Unarmed Combat
   593 | D:3      | Reached XP level 4. HP: 35/44 MP: 2/2
   627 | D:3      | Found a sparkling altar of Nemelex Xobeh.
   703 | D:4      | Reached XP level 5. HP: 31/50 MP: 2/2
   800 | D:4      | Noticed an ogre
   807 | D:4      | Killed an ogre
   807 | D:4      | Reached skill level 5 in Unarmed Combat
   924 | D:4      | Reached XP level 6. HP: 53/59 MP: 3/3
   946 | D:4      | Noticed Mac's ghost (experienced MiFi)
   969 | D:4      | Killed Mac's ghost
   969 | D:4      | Reached skill level 6 in Unarmed Combat
   969 | D:4      | Reached XP level 7. HP: 22/66 MP: 3/3
  1055 | D:4      | Noticed an ogre
  1061 | D:4      | Killed an ogre
  1089 | D:5      | Entered Level 5 of the Dungeon
  1117 | D:5      | Found a bloodstained altar of Trog.
  1121 | D:5      | Got a twisted dagger
  1136 | D:6      | Noticed Natasha
  1180 | D:5      | Found a staircase to the Ecumenical Temple.
  1187 | Temple   | Entered the Ecumenical Temple
  1218 | Temple   | Became a worshipper of Cheibriados the Contemplative
  1555 | D:6      | Reached skill level 7 in Unarmed Combat
  1555 | D:6      | Reached skill level 1 in Invocations
  1642 | D:6      | Killed Natasha
  1714 | D:7      | Reached skill level 5 in Shields
  1714 | D:7      | Reached XP level 8. HP: 31/74 MP: 4/5
  1884 | D:7      | Reached skill level 8 in Unarmed Combat
  2270 | D:8      | Reached skill level 9 in Unarmed Combat
  2319 | D:8      | Gained mutation: You have large cloven feet. [mutagenic meat]
  2321 | D:8      | Gained mutation: You are somewhat resistant to further mutation. [mutagenic meat]
  2334 | D:8      | Reached XP level 9. HP: 80/80 MP: 9/9
  2599 | D:8      | Noticed a two-headed ogre
  2606 | D:8      | Killed a two-headed ogre
  2688 | D:9      | HP: 3/80 [troll (4)]
  2688 | D:9      | Slain by a troll

Action                   |  1- 3 |  4- 6 |  7- 9 || total
-------------------------+-------+-------+-------++-------
Melee: Unarmed           |    82 |    84 |   282 ||   448
Throw: Javelin           |       |       |     4 ||     4
Invok: Bend Time         |       |       |     2 ||     2
 Abil: Evoke Teleportati |       |       |     2 ||     2
Evoke: Wand              |       |       |     1 ||     1
  Use: Scroll            |       |     4 |     8 ||    12
